 Dungeon Crawl Stone Soup version 0.30-a0-459-g9104f0fc43 (webtiles) character file.

Game seed: 14185185382999801103

19 lokiplouj the Firebug (level 2, -6/19 HPs)
             Began as a Demonspawn Fire Elementalist on Dec 15, 2022.
             Mangled by a gnoll
             ... wielding a +0 halberd
              (13 damage)
             ... on level 2 of the Dungeon.
             The game lasted 00:01:48 (956 turns).

lokiplouj the Firebug (Demonspawn Fire Elementalist) Turns: 956, Time: 00:01:49

Health: -6/19      AC:  2    Str:  8    XL:     2   Next: 55%
Magic:  5/5        EV: 12    Int: 16    God:
Gold:   87         SH:  0    Dex: 13    Spells: 4/5 levels left

rFire   . . .      SeeInvis .    i - +0 hand axe
rCold   . . .      Faith    .    (no shield)
rNeg    . . .      Spirit   .    a - +0 robe
rPois   .          Reflect  .    (no helmet)
rElec   .          Harm     .    (no cloak)
rCorr   .          Rampage  .    (no gloves)
Will    .....                    (no boots)
Stlth   ++........               (no amulet)
HPRegen 0.23/turn                (no ring)
MPRegen 0.09/turn                (no ring)

@: no status effects
A: weakness stinger 1
a: no special abilities


You were on level 2 of the Dungeon.
You visited 1 branch of the dungeon, and saw 2 of its levels.

You collected 87 gold pieces.

Inventory:

Hand Weapons
 i - a +0 hand axe (weapon)
Armour
 a - a +0 robe (worn)
Scrolls
 d - 2 scrolls of teleportation {unknown}
 e - 2 scrolls of poison {unknown}
 f - 2 scrolls of vulnerability {unknown}
 h - 4 scrolls of identify {unknown}
Potions
 b - a potion of magic
 c - a potion of mutation {unknown}
 g - 3 potions of curing {unknown}
 j - a potion of flight {unknown}


   Skills:
 + Level 2.0 Dodging
 + Level 2.1 Stealth
 + Level 2.2 Spellcasting
 + Level 1.4 Conjurations
 + Level 2.9 Fire Magic


You had 4 spell levels left.
You knew the following spells:

 Your Spells              Type           Power      Damage    Failure   Level
a - Foxfire               Conj/Fire      32%        2x1d5     9%          1

Your spell library contained the following spells:

 Spells                   Type           Power      Damage    Failure   Level
 Scorch                   Fire           22%        2d6       10%         2
 Inner Flame              Hex/Fire       6%         N/A       32%         3
 Kindle Blastsparks       Fire/Tloc/Air  8%         2d10      38%         3
 Flame Wave               Conj/Fire      8%         2d5       63%         4


Dungeon Overview and Level Annotations

Branches:
Dungeon (2/15)

Altars:


Innate Abilities, Weirdness & Mutations

You have a small tail.


Message History

The hobgoblin completely misses you.
A hobgoblin is nearby!
You barely miss the hobgoblin. The hobgoblin barely misses you.
You conjure some foxfire!
The hobgoblin barely misses you.
A hobgoblin is nearby!
You hit the hobgoblin.
The hobgoblin is moderately wounded.
The foxfire hits the hobgoblin.
The hobgoblin is severely wounded.
The foxfire hits the hobgoblin.
You kill the hobgoblin!
No target in view!
Found an escape hatch in the floor.
No target in view! 3 gnolls come into view.
A gnoll is wielding a +0 flail of holy wrath.
The gnoll shouts!
A gnoll comes into view. It is wielding a +0 flail.
A rat comes into view.
There are monsters nearby!
Found a robe and a black potion.
There are monsters nearby!
You barely miss the gnoll.
The gnoll shouts!
You tail-slap the gnoll.
The gnoll is moderately wounded.
There are monsters nearby!
You hit the gnoll but do no damage.
The gnoll is moderately wounded.
The gnoll hits you with a +0 whip.
There are monsters nearby!
You hit the gnoll.
The gnoll is heavily wounded.
You closely miss the gnoll. You barely miss the rat.
The gnoll hits you with a +0 flail of holy wrath.
You convulse.
The rat bites you but does no damage. The gnoll closely misses you.
The gnoll hits you with a +0 whip.
The gnoll hits you from afar with a +0 halberd!
Ouch! That really hurt!
You die...

###.......# ....!
#.........# .#....
#.).......# ......
#.........# ....
#.....###.. ...
#.....# #.# #=##
#.....# #.. #.r###
#####.# ###
#@..########+###
♣..ggg#.#..........#
♣...g###............#
♣....# ###..........#
..### #..........# [
#........†.#
#..........###
#>.........#..
#..........#.#


You could see 4 gnolls and a rat.

Vanquished Creatures
  2 ball pythons (D:1)
  3 endoplasms
  2 goblins (D:1)
  2 hobgoblins
  3 jackals (D:1)
  2 frilled lizards (D:1)
  2 kobolds (D:1)
16 creatures vanquished.

Vanquished Creatures (others)
  50 foxfires
  A plant (D:2)
51 creatures vanquished.

Grand Total: 67 creatures vanquished

Notes
Turn   | Place    | Note
-------+----------+-------------------------------------------
     0 | D:1      | lokiplouj the Demonspawn Fire Elementalist began the quest
                  | for the Orb.
     0 | D:1      | Reached XP level 1. HP: 13/13 MP: 3/3
   347 | D:1      | Gained mutation: You have a small tail. [demonic ancestry]
   347 | D:1      | Reached XP level 2. HP: 12/19 MP: 1/5
   956 | D:2      | Mangled by a gnoll

Illustrated notes

Levels and vault maps discovered:
D:1:      mrwooster_arrival_statue_3, layout_rooms, skrybe_limestone_x
D:2:      minmay_chambers_of_ones, layout_basic, basic_altar,
          dilly_ecumenical_altar_fadedgnrine

Skill      XL: |  1  2 |
---------------+-------+-----
Stealth        | 2 |  2.1
Dodging        | 2 |  2.0
Spellcasting   | |  2.2
Conjurations   | |  1.4
Fire Magic     | |  2.9

Action                   || total
-------------------------++-------
Melee: Unarmed           ||    29
       Hand axe          ||    27
       Tailslap          ||     3
 Cast: Foxfire           ||    31
 Stab: Sleeping          ||     1
Armor: Robe              ||     8
Dodge: Dodged            ||    60

Table legend: (Time is in decaauts)
 A = Elapsed time spent in this place.
 B = Non-inter-level travel time spent in this place.
 C = Inter-level travel time spent in this place.
 D = Time resting spent in this place.
 E = Time spent auto-exploring this place.
 F = Levels seen in this place.
 G = Mean time per level.
                   A        B        C        D        E       F      G
               +--------+--------+--------+--------+--------+-----+--------+
         Total |    963 |    934 |     29 |      0 |    758 |   2 |  481.5 |
       Dungeon |    963 |    934 |     29 |      0 |    758 |   2 |  481.5 |
               +--------+--------+--------+--------+--------+-----+--------+

Top non-repeatable levels by time:
     D:1: 845 daAuts
     D:2: 117 daAuts
